 Dungeon Crawl Stone Soup version 0.27-a0-412-g8dd771e (webtiles) character file.

Game seed: 1013732555702713088

24 MrTaco21 the Cudgeller (level 2, -1/24 HPs)
             Began as a Demonspawn Berserker on Feb 23, 2021.
             Was a Follower of Trog.
             Slain by a worker ant (6 damage)
             ... on level 3 of the Dungeon.
             The game lasted 00:01:47 (2253 turns).

MrTaco21 the Cudgeller (Demonspawn Berserker)       Turns: 2253, Time: 00:01:48

Health: -1/24      AC:  2    Str: 17    XL:     2   Next: 79%
Magic:  2/2        EV: 12    Int:  8    God:    Trog [*.....]
Gold:   112        SH:  0    Dex: 12    Spells: 1/1 levels left

rFire    . . .     SeeInvis .   a - +0 mace
rCold    . . .     Faith    .   (no shield)
rNeg     . . .     Spirit   .   b - +0 animal skin
rPois    .         Reflect  .   (no helmet)
rElec    .         Harm     .   (no cloak)
rCorr    +         Rampage  .   (no gloves)
Will     .....                  (no boots)
Stlth    +.........             (no amulet)
HPRegen  0.08/turn              c - ring of flight
MPRegen  0.08/turn              o - ring of resist corrosion

@: lethally poisoned (-1 -> -8)
A: powered by death 1
a: Renounce Religion, Evoke Flight, Berserk


You were on level 3 of the Dungeon.
You worshipped Trog.
Trog was aware of your devotion.
You visited 1 branch of the dungeon, and saw 3 of its levels.

You collected 112 gold pieces.

Inventory:

Hand Weapons
 a - a +0 mace (weapon)
Armour
 b - a +0 animal skin (worn)
Jewellery
 c - a ring of flight (left hand)
   (You found it on level 1 of the Dungeon)
 o - a ring of resist corrosion (right hand)
   (You found it on level 2 of the Dungeon)
Scrolls
 d - a scroll of blinking {unknown}
 g - 5 scrolls of identify {unknown}
 h - a scroll of fog {unknown}
 l - 4 scrolls of enchant armour {unknown}
 m - a scroll of random uselessness {unknown}
Potions
 e - 2 potions of flight {unknown}
 f - a potion of berserk rage {unknown}
 i - a potion of magic {unknown}
 j - a potion of mutation {unknown}
 k - a potion of resistance {unknown}
 n - a potion of curing {unknown}


   Skills:
 - Level 3.0 Fighting
 + Level 3.7 Maces & Flails
 - Level 1.7 Armour
 - Level 1.7 Dodging


You had one spell level left.
You didn't know any spells.
Your spell library was empty.

Dungeon Overview and Level Annotations

Branches:
Dungeon (3/15)

Altars:
Sif Muna


Innate Abilities, Weirdness & Mutations

You regenerate a little health from kills.


Message History

Things that are here:
a +0 dagger; 4 stones; a kobold skeleton
There is a stone staircase leading down here.
You climb downwards.
A frilled lizard, a hobgoblin, a kobold and 2 orcs come into view.
An orc is wielding a +0 mace of protection.
The hobgoblin shouts!
The frilled lizard hisses angrily.
Found a ring mail and a scroll labelled GEDOGGISIG.
There is a stone staircase leading up here.
You climb upwards.
There is a stone staircase leading down here.
You see here 22 stones.
There is a stone staircase leading down here.
You climb downwards.
There is a stone staircase leading up here.
You climb upwards.
There is a stone staircase leading down here.
There is a stone staircase leading down here.
You climb downwards.
Found 16 sling bullets.
There is a stone staircase leading up here.
There is a stone staircase leading up here.
A kobold comes into view.
The kobold shouts!
A rat comes into view.
Found a chain mail.
You closely miss the kobold. The kobold hits you.
You hit the kobold but do no damage. The kobold hits you.
You hit the kobold but do no damage. The kobold barely misses you.
A worker ant comes into view.
You sock the kobold!
You kill the kobold!
Trog accepts your kill. The rat bites you.
You hit the rat.
You kill the rat!
Trog accepts your kill. The worker ant barely misses you.
You closely miss the worker ant. The worker ant bites you.
You are poisoned.
The worker ant poisons you!
You closely miss the worker ant.
You feel sick. The worker ant closely misses you.
The worker ant barely misses you.
You hit the worker ant. The worker ant bites you!
* * * LOW HITPOINT WARNING * * *
* * * LOW HITPOINT WARNING * * *
You feel sick.
* * * LOW HITPOINT WARNING * * *
You feel sick. The worker ant bites you.
You die...

..#..........
............
...........
..........
......(..
#######........
#.....#........
#.###.#B#.#....
#....<@.# # .
#########


You could see a worker ant.

Vanquished Creatures
  A worm (D:2)
  A dart slug (D:2)
  2 leopard geckos (D:2)
  2 goblins (D:1)
  3 jackals (D:1)
  A bat (D:1)
  5 kobolds
  2 rats
17 creatures vanquished.

Notes
Turn   | Place    | Note
-------+----------+-------------------------------------------
     0 | D:1      | MrTaco21 the Demonspawn Berserker began the quest for the
                  | Orb.
     0 | D:1      | Reached XP level 1. HP: 18/18 MP: 1/1
   755 | D:1      | Gained mutation: You regenerate a little health from kills.
                  | [demonic ancestry]
   755 | D:1      | Reached XP level 2. HP: 4/24 MP: 2/2
  1663 | D:2      | Found a shimmering blue altar of Sif Muna.
  2253 | D:3      | Slain by a worker ant

Illustrated notes

Levels and vault maps discovered:
D:1:      psy_arrival_radial01, layout_basic, serial_glass, glass_columns_c,
          glass_columns_a, glass_columns_b, glass_columns_b, glass_columns_a,
          due_unseen_surprise, feat_on_display, item_on_display_a,
          feat_on_display, bh_walls_and_bars
D:2:      layout_basic, minmay_liquid_box, amcnicky_mini_rare_corridor_liquid,
          led_sif_pool
D:3:      corexii_shack_village, layout_basic, overflow_temple_1_default,
          kennysheep_generic_room_13

Skill      XL: |  1 |
---------------+----+-----
Maces & Flails | 3 |  3.7
Fighting       | |  3.0
Armour         | |  1.7
Dodging        | |  1.7

Action                   || total
-------------------------++-------
Melee: Mace              ||    68
Armor: Animal skin       ||    18
Dodge: Dodged            ||    42

Table legend: (Time is in decaauts)
 A = Elapsed time spent in this place.
 B = Non-inter-level travel time spent in this place.
 C = Inter-level travel time spent in this place.
 D = Time resting spent in this place.
 E = Time spent auto-exploring this place.
 F = Levels seen in this place.
 G = Mean time per level.
                   A        B        C        D        E       F      G
               +--------+--------+--------+--------+--------+-----+--------+
         Total |   2270 |   2143 |    127 |    211 |   1731 |   3 |  756.7 |
       Dungeon |   2270 |   2143 |    127 |    211 |   1731 |   3 |  756.7 |
               +--------+--------+--------+--------+--------+-----+--------+

Top non-repeatable levels by time:
     D:1: 1259 daAuts
     D:2: 989 daAuts
     D:3: 21 daAuts
